 Dungeon Crawl Stone Soup version 0.29.1-13-g9f3cf754e1 (webtiles) character file.

Game seed: 14485285388680759331

509 EmilyW the Covered (level 6, -4/56 HPs)
             Began as a Minotaur Fighter on Jan 24, 2023.
             Slain by a killer bee (6 damage)
             ... on level 6 of the Dungeon.
             The game lasted 00:12:26 (2746 turns).

EmilyW the Covered (Minotaur Fighter)               Turns: 2746, Time: 00:12:26

Health: -4/56      AC:  4    Str: 21    XL:     6   Next: 98%
Magic:  5/5        EV: 10    Int:  5    God:
Gold:   192        SH:  9    Dex: 11    Spells: 5/5 levels left

rFire   . . .      SeeInvis .   h - +3 flail (vorpal)
rCold   . . .      Faith    .   l - +0 kite shield
rNeg    . . .      Spirit   .   (no body armour)
rPois   .          Reflect  .   (helmet restricted)
rElec   .          Harm     .   (no cloak)
rCorr   .          Rampage  .   j - +0 pair of gloves
Will    .....                   c - +2 pair of boots
Stlth   +.........              (no amulet)
HPRegen 0.18/turn               (no ring)
MPRegen 0.09/turn               (no ring)

@: flying
A: horns 2, retaliatory headbutt
a: no special abilities


You were on level 6 of the Dungeon.
You visited 1 branch of the dungeon, and saw 4 of its levels.

You collected 192 gold pieces.

Inventory:

Hand Weapons
 a - a +0 war axe
 h - a +3 vorpal flail (weapon)
Armour
 b - a +0 scale mail
 c - a +2 pair of boots (worn)
 j - a +0 pair of gloves (worn)
 k - a +0 chain mail
 l - a +0 kite shield (worn)
Scrolls
 f - a scroll of vulnerability {unknown}
 n - a scroll of enchant armour {unknown}
 o - a scroll of immolation {unknown}
Potions
 d - a potion of might
 g - a potion of magic
 m - a potion of attraction


   Skills:
 + Level 5.0 Fighting
 + Level 5.0(5.3) Axes
 + Level 2.1(3.9) Maces & Flails
 + Level 1.3 Throwing
 + Level 5.6 Armour
 + Level 1.4 Dodging
 + Level 4.9 Shields


You had 5 spell levels left.
You didn't know any spells.
Your spell library was empty.

Dungeon Overview and Level Annotations

Branches:
Dungeon (3/15)

Altars:

Shops:
D:3 *


Innate Abilities, Weirdness & Mutations

You have a pair of horns on your head.
You reflexively headbutt those who attack you in melee.


Message History

The centaur is lightly wounded.
You block the centaur's attack. x2; The centaur barely misses you.
You block the centaur's attack.
You barely miss the centaur.
The centaur is lightly wounded.
You block the centaur's attack. The centaur kicks you.
* * * LOW HITPOINT WARNING * * *
The centaur closely misses you. x2
You closely miss the centaur. You headbutt the centaur!
The centaur is heavily wounded.
The centaur hits you.
* * * LOW HITPOINT WARNING * * *
The centaur kicks you.
* * * LOW HITPOINT WARNING * * *
You block the centaur's attack. The centaur barely misses you.
You feel very mighty all of a sudden. The centaur hits you.
* * * LOW HITPOINT WARNING * * *
The centaur kicks you but does no damage.
You block the centaur's attack. x2
You barely miss the centaur. You headbutt the centaur!
You kill the centaur!
Your Fighting skill increases to level 5!
Your Axes skill increases to level 5!
Your base Maces & Flails skill increases to level 2!
A killer bee comes into view.
The killer bee buzzes angrily.
You hear a shout!
The killer bee is attracted toward you.
Items here: )) ††.
It was a potion of cancellation.
Your magical effects are unravelling.
You feel magically purged.
You feel a little less mighty now. The killer bee closely misses you.
You feel less attractive to monsters.
It was a potion of flight.
You feel very buoyant.
You fly up into the air.
The killer bee barely misses you. You block the killer bee's attack.
You barely miss the killer bee. The killer bee stings you.
You die...

#†# .... #.# #. #.# ... '..
..# #.# .... #.. #.. #.#
$⌠..⌠ #.# ..# #.##[....
#.##.. #.#?$# #.((# #.#(##
#...# #.### #y# #.## #####@#
#..# #...).# . ##.# #.#####
.. #'#### ###'## ####.# #.
##....####....####....## #..
#......##......##......##...
....#.......#.......# .....
..####....####.[..### ....#
..####....####))..####....##


You could see a killer bee.

Vanquished Creatures
  A centaur (D:6)
  A wight (D:6)
  A howler monkey (D:6)
  A jelly (D:6)
  3 hounds (D:6)
  An orc priest (D:6)
  An iguana (D:6)
  An orc wizard (D:6)
  Robin (D:3)
  A gnoll (D:6)
  4 adders
  An ufetubus (D:6)
  A worm (D:2)
  A dart slug (D:1)
  11 orcs
  3 endoplasms
  9 goblins
  6 hobgoblins
  7 jackals
  3 quokkas
  7 ball pythons
  3 bats
  3 frilled lizards
  5 kobolds
  5 rats
81 creatures vanquished.

Vanquished Creatures (others)
  5 fungi (D:2)
  8 plants (D:2)
13 creatures vanquished.

Grand Total: 94 creatures vanquished

Notes
Turn   | Place    | Note
-------+----------+-------------------------------------------
     0 | D:1      | EmilyW the Minotaur Fighter began the quest for the Orb.
     0 | D:1      | Reached XP level 1. HP: 19/19 MP: 0/0
   259 | D:1      | Reached XP level 2. HP: 26/27 MP: 1/1
   745 | D:2      | Reached XP level 3. HP: 33/33 MP: 2/2
  1035 | D:2      | Reached XP level 4. HP: 32/40 MP: 3/3
  1291 | D:2      | Found a faded altar of an unknown god.
  1404 | D:3      | Noticed Robin
  1420 | D:3      | Killed Robin
  1421 | D:3      | Reached skill level 1 in Dodging
  1955 | D:3      | Found Intixul's Assorted Antiques.
  2090 | D:3      | You fall into a shaft and drop 3 floors!
  2127 | D:6      | Reached XP level 5. HP: 34/47 MP: 4/4
  2289 | D:6      | Reached skill level 5 in Armour
  2295 | D:6      | HP: 2/47 [orc/+0 dagger (1)]
  2695 | D:6      | Reached XP level 6. HP: 26/53 MP: 5/5
  2728 | D:6      | Reached skill level 1 in Throwing
  2733 | D:6      | Reached skill level 1 in Maces & Flails
  2741 | D:6      | HP: 1/55 [centaur (3)]
  2743 | D:6      | Reached skill level 5 in Fighting
  2743 | D:6      | Reached skill level 5 in Axes
  2746 | D:6      | Slain by a killer bee

Illustrated notes

Levels and vault maps discovered:
D:1:      ebering_trefoil_3fold, layout_basic
D:2:      minmay_spotlight, layout_basic,
          dreamdust_ecumenical_altar_hidden_monk_grotto
D:3:      layout_basic, serial_shops, nicolae_shop_waterfront, uniq_robin
D:6:      wad_guarded_room, layout_basic, minmay_temple_entry_large_hall,
          serial_shops, shop, shop, nicolae_shop_overgrown_old_shop,
          nicolae_square_shop, shop, kennysheep_crisscross,
          reono_crystal_passage, dreamdust_princess_bridge, uniq_menkaure

Skill      XL: |  1  2  3  4  5  6 |
---------------+-------------------+-----
Fighting       | 4 5 |  5.0
Armour         | 4 5 |  5.6
Axes           | 3 4 5 |  5.0
Shields        | 4 |  4.9
Dodging        | 1 |  1.4
Throwing       | 1 |  1.3
Maces & Flails | 2 |  2.1

Action                   |  1- 3 |  4- 6 || total
-------------------------+-------+-------++-------
Melee: War axe           |    69 |    88 ||   157
       Headbutt          |     6 |    25 ||    31
       Flail             |       |    22 ||    22
Throw: Javelin           |       |     6 ||     6
  Use: Scroll            |     1 |     1 ||     2
       Potion            |       |     6 ||     6
Armor: Scale mail        |    58 |    42 ||   100
       Skin              |       |     6 ||     6
Dodge: Dodged            |    36 |    53 ||    89
Block: Buckler           |    16 |    10 ||    26
       Kite shield       |       |    44 ||    44
